Map: [ESL] Data-C

Players

JimRising - Winner!

  • Race: Zerg Zerg
  • Spawn Location: 9:00

MasTeR

  • Race: Protoss Protoss
  • Spawn Location: 3:00

Event: DreamHack SC2 Masters 2022 Atlanta (Online)

VOD

Have the link to the VOD?

Description

Time

  • Played on: Sept. 29, 2022, 3:28 p.m.
  • Length: 24:45

All games in this series

Show
View Real Time Build Order
Export as new Build Order

JimRising Zerg - Winner!

Build Orders: Hatch First 

Get SALT Encoding   

  12  0:00  Drone  
  13  0:12  Overlord  
  13  0:17  Drone  
  14  0:30  Drone x2  
  16  0:50  Hatchery  
  16  0:54  Drone  
  16  0:56  Drone  
  17  0:59  Drone  
  17  1:02  Extractor  
  17  1:17  Spawning Pool  
  16  1:20  Drone  
  16  1:23  Drone  
  18  1:28  Drone  
  19  1:39  Drone  
  20  1:50  Overlord  
  20  2:03  Queen x2  
  20  2:05  Zergling x4  
  26  2:10  Metabolic Boost  
  26  2:16  Drone  
  26  2:18  Drone  
  28  2:23  Drone  
  28  2:25  Drone  
  30  2:34  Drone  
  30  2:35  Drone  
  32  2:46  Hatchery  
  31  2:54  Overlord  
  31  2:55  Zergling x4  
  33  3:01  Queen  
  33  3:03  Drone  
  36  3:12  Overlord  
  36  3:13  Drone  
  36  3:14  Drone x2  
  39  3:25  Drone x5  
  44  3:38  Drone x2  
  44  3:39  Queen  
  48  3:45  Overlord  
  48  3:48  Overlord  
  47  3:50  Spore Crawler  
  47  3:51  Overlord  
  44  3:56  Spore Crawler  
  44  3:59  Drone x2  
  44  4:00  Drone x2  
  47  4:08  Drone x3  
  49  4:14  Roach Warren, Overlord  
  48  4:20  Drone x4  
  48  4:24  Spore Crawler  
  51  4:25  Drone  
  52  4:32  Drone x4  
  52  4:35  Extractor  
  52  4:36  Extractor  
  54  4:44  Drone x3  
  54  4:45  Drone x3  
  60  4:46  Lair  
  60  4:49  Drone  
  60  4:50  Extractor  
  60  4:53  Queen  
  60  4:59  Overlord x2  
  62  5:00  Roach  
  62  5:05  Zergling x2  
  62  5:06  Roach x3  
  71  5:12  Overlord  
  71  5:15  Extractor  
  71  5:16  Drone x3, Extractor  
  71  5:17  Roach  
  74  5:23  Drone x2  
  74  5:24  Roach x2  
  80  5:40  Roach x7  
  80  5:41  Roach x2  
  97  5:43  Glial Reconstitution  
  97  5:47  Overlord  
  97  5:54  Overlord x2  
  97  6:07  Roach x2  
  97  6:09  Roach x2  
  103  6:14  Roach x2  
  103  6:15  Drone x3, Roach  
  102  6:27  Spire  
  101  6:38  Drone x3  
  101  6:39  Drone x2  
  106  6:41  Drone x4, Hatchery  
  109  6:52  Drone  
  109  6:53  Drone x4  
  114  6:55  Zergling x4, Evolution Chamber  
  114  6:58  Drone  
  116  7:02  Drone  
  116  7:07  Overseer  
  117  7:11  Zergling x4  
  117  7:12  Zergling x6  
  117  7:14  Overlord  
  117  7:15  Overlord x2  
  122  7:21  Overlord x2  
  122  7:26  Zerg Melee Weapons Level 1  
  122  7:28  Overlord  
  122  7:34  Drone  
  122  7:35  Drone  
  124  7:37  Queen  
  124  7:40  Zergling x8  
  124  7:41  Zergling x8  
  124  7:43  Ravager x3  
  124  7:44  Ravager  
  136  7:46  Zerg Flyer Weapons Level 1  
  136  7:47  Zergling x2  
  136  7:48  Zergling x2  
  139  7:51  Zergling x2  
  139  7:57  Zergling x10  
  139  7:58  Overlord  
  142  8:11  Zergling x4  
  142  8:12  Zergling x14  
  147  8:26  Mutalisk x4  
  147  8:27  Mutalisk x4  
  142  8:33  Mutalisk x2  
  160  8:38  Zergling x4  
  159  8:45  Mutalisk x5  
  159  8:46  Mutalisk x3  
  173  8:51  Drone, Extractor  
  173  8:53  Extractor  
  172  9:02  Zergling x6  
  173  9:03  Zergling x6  
  173  9:09  Zergling x4  
  175  9:10  Zergling x2  
  175  9:12  Overlord x2  
  175  9:13  Hatchery  
  174  9:21  Overlord x2  
  171  9:34  Mutalisk x3  
  171  9:37  Zergling x2  
  171  9:38  Zergling x26  
  190  9:42  Zerg Flyer Weapons Level 2  
  190  9:48  Zergling x2  
  190  9:49  Zergling x4  
  190  9:50  Mutalisk x2  
  190  9:51  Mutalisk  
  191  10:01  Mutalisk x3  
  191  10:02  Mutalisk  
  195  10:08  Mutalisk  
  150  10:26  Mutalisk  
  150  10:27  Mutalisk x3  
  134  10:29  Zergling x14  
  134  10:32  Drone  
  134  10:33  Drone x4  
  140  10:36  Mutalisk  
  140  10:40  Mutalisk  
  144  10:47  Drone x4  
  148  10:52  Zerg Melee Weapons Level 2  
  148  10:54  Mutalisk  
  150  10:59  Zergling x8  
  145  11:12  Mutalisk  
  145  11:13  Mutalisk x2  
  145  11:15  Zergling x2  
  145  11:16  Zergling x16  
  154  11:21  Baneling Nest  
  149  11:27  Roach  
  149  11:28  Roach x7  
  165  11:34  Drone x3  
  165  11:35  Queen, Drone x3  
  165  11:38  Extractor  
  172  11:41  Roach x3, Extractor  
  172  11:42  Roach x2  
  181  11:47  Mutalisk  
  181  11:48  Mutalisk x2  
  181  11:50  Hatchery  
  186  11:54  Zergling x6  
  178  12:13  Mutalisk x3  
  178  12:14  Mutalisk x2  
  178  12:16  Mutalisk  
  178  12:21  Mutalisk  
  170  12:30  Drone x5  
  170  12:31  Drone  
  170  12:33  Drone x2  
  170  12:34  Drone x4  
  175  12:38  Zergling x2  
  175  12:39  Zergling x20  
  187  12:47  Zerg Flyer Armor Level 1  
  187  12:49  Mutalisk x4  
  187  12:51  Zergling x4  
  195  12:58  Zergling x8  
  197  13:23  Drone, Centrifugal Hooks  
  197  13:25  Hydralisk Den  
  197  13:26  Zerg Missile Weapons Level 1  
  197  13:29  Drone  
  197  13:35  Queen, Hatchery  
  197  13:37  Extractor  
  197  13:39  Drone  
  194  13:45  Drone x2  
  194  13:46  Drone  
  196  13:59  Drone x3  
  196  14:00  Drone x4  
  195  14:06  Extractor  
  195  14:09  Hatchery  
  193  14:11  Extractor  
  182  14:31  Hydralisk  
  182  14:32  Muscular Augments, Hydralisk x7  
  182  14:37  Baneling  
  182  14:38  Baneling x17  
  198  14:41  Overlord x3  
  198  14:44  Overseer, Overlord  
  198  14:46  Pneumatized Carapace  
  198  14:50  Infestation Pit  
  187  15:08  Hydralisk  
  187  15:09  Hydralisk x6  
  199  15:16  Evolution Chamber  
  199  15:19  Drone x2  
  193  15:31  Zergling x26  
  197  15:41  Hydralisk  
  197  15:42  Hydralisk x5  
  189  15:43  Grooved Spines  
  176  15:58  Hydralisk x13, Roach  
  176  15:59  Zergling x2  
  176  16:02  Hive  
  195  16:05  Drone x6  
  195  16:08  Drone  
  199  16:17  Drone  
  199  16:38  Zergling x2  
  199  16:39  Unknown  
  191  16:40  Hatchery  
  191  16:45  Zergling x2  
  191  16:46  Zergling x32  
  191  16:47  Zergling x8  
  190  17:02  Extractor  
  169  17:16  Drone x13  
  169  17:17  Drone x3  
  179  17:26  Drone x3  
  179  17:27  Drone x3  
  174  17:32  Adrenal Glands  
  174  17:35  Zerg Ground Armor Level 1, Zerg Melee Weapons Level 3  
  174  17:36  Ultralisk Cavern  
  173  17:41  Baneling  
  173  17:42  Baneling x23  
  173  17:43  Baneling  
  173  17:44  Baneling x10  
  173  17:53  Drone x2  
  175  17:59  Zergling x22  
  175  18:00  Zergling x16  
  194  18:06  Hydralisk x3  
  175  18:21  Hatchery  
  163  18:30  Hatchery  
  148  18:41  Pathogen Glands  
  146  18:44  Zergling x12  
  146  18:45  Zergling x34  
  169  18:55  Drone  
  169  18:56  Drone x2  
  169  18:57  Drone  
  169  18:59  Zergling x2  
  169  19:00  Zergling x20  
  184  19:03  Zergling x2  
  184  19:06  Baneling x4  
  184  19:07  Baneling x4  
  184  19:08  Baneling x6  
  185  19:21  Baneling x5  
  185  19:22  Baneling x9  
  176  20:06  Drone  
  177  20:10  Chitinous Plating  
  177  20:11  Infestor x6  
  185  20:19  Ultralisk x2  
  196  20:21  Baneling  
  196  20:22  Baneling x12  
  196  20:42  Hatchery  
  193  20:52  Ultralisk x2  
  200  21:00  Zerg Ground Armor Level 2  
  200  21:01  Zerg Missile Weapons Level 2  
  200  21:02  Overseer  
  176  21:29  Anabolic Synthesis  
  161  21:33  Ultralisk x5  
  176  21:41  Ultralisk x4  
  171  22:09  Ultralisk x4  
  188  22:30  Drone x5  
  193  22:37  Extractor  
  193  22:39  Extractor  
  155  23:08  Infestor x3  
  153  23:12  Ultralisk  
  153  23:13  Ultralisk x6  
  153  23:14  Drone x3  
  178  23:23  Zergling x8  
  178  23:24  Zergling x58  
  178  23:25  Zergling x2  
  200  23:39  Spine Crawler x2  
  200  23:40  Spine Crawler x2  
  200  23:41  Drone x4  
  199  23:43  Baneling, Spine Crawler x2  
  199  23:44  Baneling x24  
  192  23:57  Drone  
  192  23:58  Drone x2  
  192  24:00  Drone x3  
  192  24:01  Extractor  
  196  24:23  Hatchery  
Show
View Real Time Build Order
Export as new Build Order

MasTeR Protoss 

Build Orders: 1 Gate Expand, Oracle Opening 

Get SALT Encoding   

  12  0:01  Probe  
  13  0:14  Probe  
  14  0:20  Pylon  
  14  0:26  Probe (Chrono Boost)  
  15  0:39  Probe (Chrono Boost)  
  15  0:40  Gateway  
  16  0:47  Probe (Chrono Boost)  
  16  0:48  Assimilator  
  17  0:53  Probe  
  18  1:05  Probe  
  19  1:17  Probe  
  20  1:25  Nexus  
  20  1:35  Cybernetics Core  
  20  1:38  Probe  
  21  1:47  Assimilator  
  21  1:50  Probe  
  22  1:56  Pylon  
  22  2:03  Probe (Chrono Boost)  
  23  2:13  Adept  
  23  2:15  Probe (Chrono Boost)  
  26  2:17  Stargate  
  26  2:23  Probe (Chrono Boost)  
  26  2:27  Warp Gate  
  26  2:29  Probe (Chrono Boost)  
  28  2:38  Probe (Chrono Boost)  
  28  2:41  Probe (Chrono Boost)  
  28  2:43  Stalker  
  32  2:47  Probe (Chrono Boost)  
  32  2:48  Probe (Chrono Boost)  
  34  2:52  Probe (Chrono Boost)  
  34  2:55  Probe  
  36  3:01  Oracle (Chrono Boost)  
  36  3:04  Probe  
  40  3:07  Probe  
  41  3:15  Pylon  
  41  3:16  Probe  
  41  3:19  Probe  
  44  3:36  Nexus  
  44  3:37  Pylon  
  44  3:40  Probe  
  43  3:47  Gateway  
  43  3:49  Probe  
  43  3:52  Probe  
  43  4:01  Probe  
  43  4:02  Twilight Council  
  44  4:04  Probe  
  45  4:12  Gateway  
  45  4:13  Gateway, Probe  
  45  4:16  Probe, Assimilator  
  47  4:21  Adept  
  47  4:22  Oracle (Chrono Boost)  
  49  4:25  Probe  
  49  4:28  Probe  
  54  4:34  Resonating Glaives (Chrono Boost)  
  54  4:37  Probe  
  55  4:40  Probe  
  55  4:44  Shield Battery  
  56  4:45  Adept x2  
  56  4:49  Probe x2  
  56  4:52  Probe  
  63  5:01  Probe (Chrono Boost)  
  63  5:06  Adept x2, Forge, Probe (Chrono Boost)  
  70  5:09  Adept x2  
  70  5:10  Probe (Chrono Boost)  
  70  5:12  Probe (Chrono Boost)  
  75  5:15  Pylon  
  75  5:16  Probe (Chrono Boost)  
  75  5:18  Probe (Chrono Boost)  
  77  5:21  Pylon  
  77  5:31  Protoss Ground Weapons Level 1 (Chrono Boost)  
  77  5:33  Adept, Probe x2  
  77  5:34  Adept x2  
  85  5:40  Probe, Stalker  
  88  5:44  Blink (Chrono Boost)  
  88  5:47  Probe, Assimilator  
  89  5:58  Probe  
  89  6:01  Probe x2  
  89  6:02  Nexus  
  92  6:10  Probe  
  91  6:15  Probe  
  91  6:18  Stalker x2  
  92  6:21  Shield Battery  
  92  6:23  Shield Battery  
  92  6:25  Pylon  
  78  6:26  Gateway  
  78  6:28  Gateway  
  78  6:29  Stalker x2  
  82  6:36  Gateway  
  82  6:39  Pylon  
  82  6:43  Stalker x2  
  82  6:45  Probe x3  
  89  6:49  Gateway  
  89  6:53  Stalker x2  
  89  6:54  Robotics Facility  
  93  6:57  Probe x3  
  96  7:09  Probe x2  
  96  7:12  Pylon  
  96  7:14  Stalker x2  
  102  7:16  Stalker x2  
  102  7:19  Probe x2  
  102  7:21  Probe  
  102  7:22  Stalker  
  111  7:24  Probe  
  111  7:26  Pylon  
  111  7:29  Shield Battery  
  112  7:33  Photon Cannon  
  112  7:35  Stalker x2  
  116  7:39  Photon Cannon  
  116  7:42  Stalker x3  
  116  7:43  Photon Cannon  
  122  7:47  Assimilator  
  122  7:48  Robotics Facility  
  122  7:50  Assimilator  
  122  7:55  Protoss Ground Weapons Level 2 (Chrono Boost)  
  122  7:57  Charge  
  122  8:00  Stalker x2  
  122  8:04  Probe x2  
  122  8:05  Probe x2  
  130  8:07  Immortal (Chrono Boost), Pylon  
  134  8:16  Probe  
  129  8:27  Stalker x6  
  129  8:30  Probe x2  
  129  8:31  Probe  
  129  8:32  Probe  
  141  8:44  Immortal (Chrono Boost)  
  147  8:52  Robotics Bay  
  147  8:56  Immortal (Chrono Boost), Pylon  
  147  8:58  Nexus  
  147  9:00  Pylon  
  147  9:01  Gateway  
  147  9:02  Gateway  
  147  9:05  Gateway  
  145  9:13  Phoenix (Chrono Boost), Photon Cannon  
  145  9:14  Photon Cannon  
  145  9:16  Stalker  
  145  9:17  Stalker x4  
  151  9:28  Stalker  
  151  9:29  Stalker x2  
  153  9:32  Phoenix (Chrono Boost)  
  155  9:40  Photon Cannon  
  155  9:41  Stalker x3  
  155  9:42  Stalker  
  163  9:50  Photon Cannon  
  163  9:54  Phoenix  
  163  9:56  Probe  
  148  10:00  Probe  
  148  10:02  Stalker  
  148  10:03  Stalker x5  
  151  10:07  Probe  
  151  10:10  Probe  
  151  10:13  Stalker x3  
  147  10:19  Zealot x2  
  147  10:20  Probe  
  139  10:24  Probe  
  139  10:26  Zealot x6  
  136  10:29  Phoenix (Chrono Boost)  
  138  10:41  Zealot x4  
  138  10:42  Zealot  
  146  10:45  Phoenix (Chrono Boost)  
  148  10:51  Zealot x4  
  148  10:52  Zealot x2  
  148  10:53  Photon Cannon  
  148  10:55  Probe x2  
  148  10:56  Probe x2  
  164  11:03  Phoenix (Chrono Boost)  
  151  11:20  Probe x5  
  151  11:21  Phoenix (Chrono Boost)  
  151  11:22  Stalker x4  
  151  11:23  Stalker x2  
  151  11:24  Stalker x3  
  170  11:30  Shield Battery  
  170  11:32  Shield Battery  
  170  11:37  Photon Cannon  
  170  11:39  Phoenix (Chrono Boost)  
  172  11:40  Pylon x2  
  172  11:43  Photon Cannon  
  170  11:47  Assimilator  
  170  11:48  Zealot x4  
  178  11:54  Photon Cannon  
  178  11:56  Phoenix (Chrono Boost)  
  170  12:08  Zealot x4  
  170  12:09  Zealot x4  
  180  12:21  Phoenix (Chrono Boost)  
  182  12:22  Assimilator  
  182  12:25  Pylon  
  182  12:27  Assimilator  
  182  12:29  Zealot x2  
  186  12:34  Pylon  
  174  12:37  Pylon  
  174  12:38  Protoss Ground Weapons Level 3 (Chrono Boost)  
  174  12:39  Pylon  
  174  12:40  Assimilator  
  174  12:41  Phoenix (Chrono Boost)  
  174  12:43  Fleet Beacon  
  172  12:46  Nexus  
  172  12:48  Pylon  
  172  12:53  Stalker x5  
  172  12:55  Phoenix (Chrono Boost)  
  172  12:56  Zealot x2  
  168  13:09  Zealot x4  
  175  13:15  Templar Archives  
  175  13:16  Stalker x3  
  177  13:23  Zealot  
  177  13:24  Zealot x3  
  177  13:26  Anion Pulse-Crystals  
  185  13:30  Photon Cannon  
  185  13:32  Photon Cannon  
  185  13:40  Zealot x7  
  191  13:50  Photon Cannon  
  191  13:51  Photon Cannon  
  185  13:57  Zealot x4  
  185  14:00  High Templar  
  185  14:01  High Templar  
  185  14:02  Zealot x4  
  189  14:03  Zealot  
  189  14:05  Archon  
  185  14:10  Phoenix (Chrono Boost)  
  183  14:19  Photon Cannon  
  179  14:30  Zealot x6  
  191  14:34  Phoenix (Chrono Boost)  
  193  14:41  Nexus  
  193  14:52  Phoenix (Chrono Boost)  
  187  15:11  Zealot x6  
  199  15:23  Pylon  
  183  15:29  Gateway  
  183  15:31  Gateway  
  183  15:32  Gateway  
  183  15:33  Zealot  
  183  15:34  Zealot x9  
  183  15:45  Stalker  
  179  15:55  Stalker x5  
  179  15:56  Stalker  
  168  16:04  Probe x4  
  171  16:16  High Templar  
  171  16:17  High Templar x3  
  171  16:18  High Templar  
  177  16:21  Phoenix, Archon  
  177  16:22  Archon  
  177  16:23  High Templar  
  171  16:29  Zealot x7  
  171  16:30  Archon  
  185  16:34  Assimilator  
  185  16:35  Probe  
  185  16:36  Assimilator  
  185  16:37  Probe  
  170  16:48  Zealot  
  170  16:49  Zealot x7  
  170  16:50  Zealot x3  
  188  16:57  Stalker x2  
  183  17:08  Phoenix (Chrono Boost)  
  168  17:27  High Templar x5  
  168  17:28  Zealot x9  
  180  17:32  Archon x2  
  180  17:38  Phoenix (Chrono Boost)  
  180  17:43  Nexus  
  182  17:53  High Templar  
  182  17:54  Zealot x4  
  192  18:02  Zealot x4  
  138  18:33  Stalker x9  
  130  18:34  Zealot  
  120  18:47  Stalker x3  
  125  18:53  Pylon  
  124  18:56  Zealot x3  
  130  19:03  Zealot x3  
  136  19:15  Zealot  
  136  19:16  Zealot x4  
  146  19:23  Shield Battery  
  146  19:30  Stalker x2  
  144  19:35  Disruptor (Chrono Boost)  
  146  19:45  Stalker  
  151  19:49  Pylon  
  128  20:00  Zealot x7  
  128  20:03  Stalker  
  128  20:05  Disruptor (Chrono Boost)  
  144  20:11  Unknown  
  130  20:22  Nexus  
  130  20:30  Disruptor (Chrono Boost)  
  130  20:35  Stalker x5  
  140  20:47  Stalker x4  
  146  20:55  Zealot x3  
  144  21:00  Disruptor  
  147  21:10  Stalker x3  
  151  21:24  Zealot x2  
  151  21:25  Zealot  
  137  21:30  Zealot x4  
  137  21:31  Zealot  
  123  21:38  Zealot x2  
  99  21:57  Zealot x2  
  93  22:11  High Templar x3  
  93  22:15  Archon, High Templar  
  99  22:20  Archon  
  100  22:23  Zealot x3  
  102  22:37  Immortal  
  102  22:43  Zealot x2  
  108  22:46  Shield Battery  
  108  22:57  Zealot x3  
  96  23:01  Zealot x2  
  85  23:11  Zealot x3  
  81  23:17  Disruptor (Chrono Boost)  
  79  23:26  High Templar x4  
  90  23:30  Pylon  
  90  23:31  Archon x2  
  90  23:38  Zealot x3  
  96  23:43  Stalker  
  96  23:44  Stalker  
  100  23:55  Disruptor  
  103  23:59  Shield Battery  
  99  24:06  Zealot x4  
  82  24:24  Zealot x4  
  76  24:34  Zealot  
  62  24:40  Zealot  
Tags
 
Add a new tag
Caveats
  • Supply blocks, unpowered buildings, or Contaminate may cause inaccurate times.
  • Supply counts are checked every 10 seconds.